AoeStats
← Malelf

Arabia

506913835Analyzed
1v1 RM · 17d ago on Sep 15, 2026· 33m 48s· 2 players
Game mode
Random Map
Map size
Tiny (2 player)
Population
200
Speed
Normal
Resources
Standard
Victory
Conquest
Starting age
Dark Age
Ending age
Imperial Age
RankedLock teamsTeams togetherTeam positionsShared explorationLock speedFull tech treeHidden civsTurbo modeCheats
Victory
Defeat
🇨🇱 Britons · Chile
1732
+17
🇮🇹 Shu · Italy
1760
-17
AiM | Cronnos
6:22 Loom
8:57 Feudal Age
11:20 Double-Bit Axe
20:09 Castle Age
18:23 Horse Collar
18:53 Fletching
19:24 Gold Mining
20:14 Crossbowman
20:50 Bodkin Arrow
25:26 Wheelbarrow
26:31 Bow Saw
27:37 Ballistics
28:49 Heavy Plow
29:54 Gold Shaft Mining
31:12 Town Watch
35:24 Imperial Age
Malelf
6:16 Loom
8:55 Feudal Age
9:45 Double-Bit Axe
19:12 Castle Age
17:22 Horse Collar
17:54 Fletching
17:57 Gold Mining
18:37 Padded Archer Armor
20:11 Bow Saw
19:58 Bodkin Arrow
20:59 Wheelbarrow
23:07 Elite Skirmisher
24:19 Leather Archer Armor
26:43 Ballistics
32:42 Imperial Age
31:32 Thumb Ring
33:30 Bracer
34:01 Ring Archer Armor
34:49 Chemistry
Connection lost

Rejoining the realm…

Still unreachable

The connection could not be restored.

Session expired

The server has moved on; the page needs a fresh start.